 Dungeon Crawl Stone Soup version 0.21-a0-221-gfe971b9 (webtiles) character file.

34 Gorglomux the Skirmisher (level 3, 0/31 HPs)
             Began as a Hill Orc Earth Elementalist on Aug 26, 2017.
             Was an Initiate of Okawaru.
             Slain by an adder (1 damage)
             ... on level 2 of the Dungeon.
             The game lasted 00:01:37 (1073 turns).

Gorglomux the Skirmisher (HOEE)                     Turns: 1073, Time: 00:01:37

Health: 0/31       AC:  2    Str: 11    XL:     3   Next: 31%
Magic:  0/5        EV: 12    Int: 15    God:    Okawaru [......]
Gold:   81         SH:  0    Dex: 11    Spells: 4/5 levels left

rFire    . . .     SeeInvis .   m - +0 hand axe
rCold    . . .     Gourm    .   (no shield)
rNeg     . . .     Faith    .   c - +0 robe
rPois    .         Spirit   .   (no helmet)
rElec    .         Reflect  .   (no cloak)
rCorr    +         Harm     .   (no gloves)
MR       .....                  (no boots)
Stlth    ++........             (no amulet)
HPRegen  0.10/turn              g - ring of resist corrosion
MPRegen  0.09/turn              (no ring)

@: very slightly contaminated
A: no striking features
a: Renounce Religion


You were on level 2 of the Dungeon.
You worshipped Okawaru.
Okawaru was noncommittal.
You were hungry.

You visited 1 branch of the dungeon, and saw 2 of its levels.

You collected 81 gold pieces.

Inventory:

Hand Weapons
 m - a +0 hand axe (weapon)
Missiles
 b - 32 stones (quivered)
Armour
 c - a +0 robe (worn)
Jewellery
 g - a ring of resist corrosion (left hand)
Scrolls
 l - a scroll of remove curse
Books
 e - a book of Geomancy

   Spells                             Type                      Level
   a - Sandblast                      Earth                        1
   b - Passwall                       Transmutation/Earth          2
   c - Stone Arrow                    Conjuration/Earth            3
   d - Petrify                        Transmutation/Earth          4
   e - Lee's Rapid Deconstruction     Earth                        5
Comestibles
 d - a bread ration
 n - 4 fruits
 o - 2 chunks of flesh
 p - a royal jelly


   Skills:
 + Level 3.2 Fighting
 + Level 0.7 Armour
 - Level 1.5 Dodging
 - Level 1.5 Stealth
 - Level 1.5 Spellcasting
   Level 0.6 Transmutations
 - Level 3.0 Earth Magic


You had 4 spell levels left.
You knew the following spells:

 Your Spells              Type           Power        Failure   Level  Hunger
a - Sandblast             Erth           ##....       7%          1    ##.....


Dungeon Overview and Level Annotations

Branches:
Dungeon (2/15)

Altars:
Okawaru


Message History

You see here a hand axe!
Casting: Sandblast
Confirm with ! or Enter, or press ? or * to list all spells!
Aiming: Sandblast
Press: ? - help, Shift-Dir - straight line, f/p - adder
Aim: an adder (severely wounded)
The blast of sand misses the adder! butt - 32 stones The adder closely misses you!
The adder barely misses you!
You slice the adder butt do no damage!
The adder is severely wounded!
The adder bites butt! * * * don't die
* * * You barely miss the adder!
The adder is severely wounded!
The adder misses you! The adder barely misses you!
You barely miss the adder!
The adder is severely wounded!
The adder bites you but does no damage! The adder bites you! rip

*******,*#.#......#.#,# *,*,*
,,,,,,,,*#....#...#.#,* *,,,*
***#########..#...#<#,********
*,,...............#.#,,,,,,,,*
*,,........#..#####.#*******,*
*,,#######.#..##....# *,*
*..#.......#..##)#### *,*
*........#######S# *,*
*.##.###.#.....#@# *,*
*...........#..#.# *,*
*###.###.##.##.#.# *,* ,,,,,*
#.#.....#.# *,* ******
#.#..####.# *,* * #.........#
*,* * ########### *,* * *,* *
*,*


You could see an adder.

Vanquished Creatures
  A gnoll (D:1)
  An adder (D:2)
  A dart slug (D:1)
  3 goblins (D:1)
  A hobgoblin (D:1)
  A kobold (D:1)
  A ball python (D:1)
  3 bats
  4 rats
16 creatures vanquished.

Notes
Turn   | Place    | Note
-------+----------+-------------------------------------------
     0 | D:1      | Gorglomux the Hill Orc Earth Elementalist began the quest for the Orb.
     0 | D:1      | Reached XP level 1. HP: 14/14 MP: 3/3
   109 | D:1      | Reached skill level 1 in Fighting
   150 | D:1      | Reached XP level 2. HP: 24/24 MP: 2/4
   894 | D:1      | Reached skill level 3 in Fighting
  1018 | D:2      | Reached XP level 3. HP: 31/31 MP: 5/5
  1023 | D:2      | Found an iron altar of Okawaru.
  1029 | D:2      | Became a worshipper of Warmaster Okawaru
  1071 | D:2      | HP: 1/31 [adder (2)]
  1073 | D:2      | Slain by an adder

Vault maps used:
D:1:      dpeg_arrival_arbitrary_b
D:2:      okawaru_ov_weapons_minmay

Skill      XL: |  1  2 |
---------------+-------+-----
Fighting       | 1 3 |  3.2
Armour         | |  0.7
Dodging        | |  1.5
Stealth        | |  1.5
Spellcasting   | |  1.5
Transmutations | |  0.6
Earth Magic    | |  3.0

Action                   || total
-------------------------++-------
Melee: Unarmed           ||     7
       Hand axe          ||    16
 Cast: Sandblast         ||    19
  Use: Scroll            ||     4
 Stab: Sleeping          ||     1
Armor: Robe              ||     8
Dodge: Dodged            ||    29

Table legend:
 A = Spawn XP
 B = Non-spawn XP
 C = Spawn XP percentage of total XP
 D = Spawn monster count
 E = Non-spawn monster count
 F = Spawn count percentage of total count
 G = Total turns spent on level
                    A         B        C        D         E        F      G
               +---------+---------+-------+---------+---------+-------+---------
         Total |       4 |      45 |   8.2 |       3 |      13 |  18.8 |  1073
               +---------+---------+-------+---------+---------+-------+---------
           D:1 |       4 |      29 |  12.1 |       3 |      10 |  23.1 |   974
           D:2 |       0 |      16 |   0.0 |       0 |       3 |   0.0 |    99
               +---------+---------+-------+---------+---------+-------+---------
